Cogmind - Beta 13 @@@ ROGUE MODE // 2024.02.26 @ 20:22:34 Player: deadnoob Result: Destroyed by G-47 Trooper with Particle Gun Performance ------------- Evolutions (1) 500 Regions Visited (6) 1200 Robots Destroyed (76) 380 Value Destroyed (1397) 1397 Prototype IDs (26) 520 Alien Tech Used (0) 0 Bonus (299) 299 TOTAL SCORE: 4296 Bonus ------- High Alert Combat Kills 11 Follower Combat Kills 14 Aligned with FarCom 300 Friendly Fire -26 Cogmind --------- Core Integrity 0/400 Matter 181/300 Energy 310/310 System Corruption 0% Temperature Cool (9) Movement Treading (400) Ox3 Location -8/Mines Parts ------- > --- POWER (1) -------- Reinforced Fission Core > --- PROPULSION (3) --- Light Treads Compact Wheel Flight Unit > --- UTILITY (3) ------ High-capacity Storage Unit Advanced Targeting Computer Hardened Light Armor Plating > --- WEAPON (2) ------- Light Assault Rifle Rocket Launcher > --- INVENTORY (20) --- Light Nuclear Core Cold Fusion Reactor Transport Network Coupler Advanced Targeting Computer Light Armor Plating Light Armor Plating Light Armor Plating EX Chip 1 EX Chip 1 EX Chip 1 EX Chip 1 Hacking Suite Advanced Component Analysis Suite Improved Trap Extractor (0/6) Light EM Pulse Cannon Heavy Assault Rifle Mini Grenade Launcher Heavy Hammer Peak State ------------ > --- POWER ------------ Cold Fusion Reactor > --- PROPULSION ------- Light Treads Light Treads Light Treads > --- UTILITY ---------- High-capacity Storage Unit Advanced Targeting Computer System Purifier > --- WEAPON ----------- Heavy Assault Rifle Heavy Assault Rifle > --- INVENTORY -------- Reinforced Fission Core Light Treads Compact Wheel Advanced Targeting Computer Light Armor Plating Light Armor Plating Light Armor Plating Chronowheel Rocket Launcher Mini Grenade Launcher [Rating: 29] Favorites ----------- Power Light Ion Engine Engine Light Ion Engine Power Core Light Nuclear Core Reactor Cold Fusion Reactor Propulsion Light Treads Treads Light Treads Leg Aluminum Leg Wheel Compact Wheel Flight Unit Flight Unit Utility Advanced Targeting Computer Device Seismic Detector Storage High-capacity Storage Unit Processor Advanced Targeting Computer Protection Light Armor Plating Weapon Heavy Assault Rifle Energy Gun EM Pulse Gun Ballistic Gun Heavy Assault Rifle Launcher Mini Grenade Launcher Impact Weapon Heavy Hammer Build | -11 -10 -10 -9 -9 -9 -8 ------- Run | Yrd Mat Min Mat Min Exi Min Slots Evolved 2 | . . . 2 . . . Power . | . . . . . . . Propulsion 1 | . . . 1 . . . Utility 1 | . . . 1 . . . Weapon . | . . . . . . . Parts Attached 86 | 1 3 12 39 6 17 8 Power 9 | . . 2 2 1 3 1 Engine 4 | . . 1 2 1 . . Core 4 | . . 1 . . 2 1 Reactor 1 | . . . . . 1 . Propulsion 28 | . . 7 15 . 3 3 Treads 21 | . . 3 14 . 3 1 Leg 3 | . . 3 . . . . Wheel 2 | . . 1 . . . 1 Hover . | . . . . . . . Flight 2 | . . . 1 . . 1 Utility 18 | . 1 1 10 1 5 . Device 3 | . 1 . 1 . 1 . Storage 2 | . . . 2 . . . Processor 1 | . . 1 . . . . Hackware . | . . . . . . . Protection 12 | . . . 7 1 4 . Artifact . | . . . . . . . Weapon 31 | 1 2 2 12 4 6 4 Energy Gun 1 | 1 . . . . . . Energy Cannon . | . . . . . . . Ballistic Gun 19 | . 2 2 7 2 4 2 Ballistic Cannon . | . . . . . . . Launcher 9 | . . . 4 1 2 2 Special Weapon . | . . . . . . . Impact Weapon 2 | . . . 1 1 . . Slashing Weapon . | . . . . . . . Piercing Weapon . | . . . . . . . Special Melee Weapon . | . . . . . . . Unidentified Prototypes 3 | . . . 1 . 2 . Corrupted Parts 3 | . . 3 . . . . System Corruption 17 | . . 17 . . . . Parts Lost 17 | . . . 3 2 8 4 Power 3 | . . . 1 1 1 . Propulsion 6 | . . . . . 3 3 Utility 5 | . . . 2 1 2 . Weapon 3 | . . . . . 2 1 Highest Loss Streak 7 | . . . 1 2 7 3 To Critical Strikes 5 | . . . . . 5 . Average Slot Usage (%) 99 | . 98 99 99 99 99 96 Engine 7 | . 14 12 6 10 5 . Core 2 | . . 1 4 . 2 11 Treads 29 | . . 15 33 33 33 16 Leg 1 | . 28 6 . . . . Device 2 | . 12 14 1 . . . Storage 11 | . 14 14 11 11 11 11 Processor 9 | . . . 11 11 11 11 Protection 9 | . . . 9 11 11 11 Ballistic Gun 22 | . 26 28 21 21 21 18 Naked Turns . | . . . . . . . Heaviest Build 74 | 13 13 14 58 56 74 71 Greatest Support 60 | 20 20 40 60 60 60 60 Greatest Overweight (x) 4 | . . . 1 . 1 4 Average Overweight (x) . | . . . . . . 2 Largest Inventory Capacity 20 | 8 8 8 20 20 20 20 Average Capacity 18 | 8 8 8 19 20 20 20 Most Carried 20 | 6 8 8 20 20 20 20 Average Carried 16 | 6 7 7 18 19 16 18 Final Capacity 20 | 8 8 8 20 20 20 20 Final Carried 20 | 6 8 8 20 20 20 18 Class Distribution -------------------- 70% | Scavenger-Mutant 29% | Mutant Dominant Class ---------------- Mutant | -10/Materials Mutant | -10/Mines Scavenger-Mutant | -9/Materials Scavenger-Mutant | -9/Mines Scavenger-Mutant | -9/Exiles Scavenger-Mutant | -8/Mines Resources | -11 -10 -10 -9 -9 -9 -8 ----------- Run | Yrd Mat Min Mat Min Exi Min Matter Collected 2236 | 210 49 172 1007 147 454 197 Remotely . | . . . . . . . Salvage Created 2142 | . 84 153 1373 177 195 160 Parts 167 | . 1 8 102 10 36 10 Haulers Intercepted 5 | . . . 5 . . . Recyclers Shooed 4 | . . 1 2 1 . . Parts Field Recycled . | . . . . . . . Retrieved Matter . | . . . . . . . Parts Self-Destructed . | . . . . . . . Prevented . | . . . . . . . Kills | -11 -10 -10 -9 -9 -9 -8 ------- Run | Yrd Mat Min Mat Min Exi Min Combat Hostiles Destroyed 56 | . 2 5 32 6 4 7 Guns 34 | . 2 5 18 2 2 5 AOE 22 | . . . 14 4 2 2 Classes Destroyed 14 | . 1 2 6 1 3 1 Worker 5 | . . . 5 . . . Builder 1 | . . . 1 . . . Tunneler 2 | . . . 1 1 . . Hauler 5 | . . . 5 . . . Recycler 4 | . . 1 2 1 . . Operator 1 | . . . 1 . . . Turret 1 | . . . . . 1 . Swarmer 28 | . . 5 14 5 . 4 Grunt 13 | . 2 . 9 . . 2 Duelist 1 | . . . . . . 1 Sentry 9 | . . . 9 . . . Demolisher 1 | . . . . 1 . . Zionite 2 | . . . . . 2 . Assembled 3 | . . . . . 3 . Best Kill Streak 7 | . 2 3 7 4 2 4 Combat Bots Only 5 | . 2 3 5 4 2 4 Max Kills in Single Turn 5 | . 1 1 5 2 1 1 Gunslinging . | . . . . . . . Exploded 4 | . . . 4 2 1 1 Melee . | . . . . . . . Uniques/NPCs Destroyed 4 | . . . . . 4 . 8R-AWN (-9/Exiles) EX-DEC (-9/Exiles) EX-BIN (-9/Exiles) EX-HEX (-9/Exiles) Combat | -11 -10 -10 -9 -9 -9 -8 -------- Run | Yrd Mat Min Mat Min Exi Min Hostile Shots Fired 282 | . 11 25 132 24 66 24 Missed 77 | . 3 4 41 6 17 6 Damage Taken 3228 | . 100 214 1286 427 916 285 Core 519 | . 45 67 172 80 112 43 Absorbed by Shields . | . . . . . . . Redirected to Shielding 14 | . . . 14 . . . Core Remaining (%) 77 | 100 . 55 . . . . Volleys Fired 233 | . 10 13 113 9 72 16 Largest 2 | . 2 2 2 2 2 2 Hottest 48 | . 40 40 48 46 46 46 Shots Fired 431 | . 20 26 218 15 129 23 Gun 406 | . 20 26 210 12 119 19 Cannon . | . . . . . . . Launcher 25 | . . . 8 3 10 4 Special . | . . . . . . . Kinetic 406 | . 20 26 210 12 119 19 Thermal . | . . . . . . . Explosive 25 | . . . 8 3 10 4 Electromagnetic . | . . . . . . . Robot Hit Streak 30 | . 5 10 30 4 10 6 Robot Miss Streak 5 | . 2 5 3 2 2 3 Penetration Max . | . . . . . . . Secondary Targets 1 | . . 1 . . . . Max Gunslinging Chain 1 | . . 1 . . . . Shots Hit Robots 298 | . 13 13 166 9 84 13 Core Hits 130 | . 6 9 68 11 25 11 Critical Kills 2 | . . . 2 . . . Critical Parts Destroyed . | . . . . . . . Critical Strikes 2 | . . . 2 . . . Destroy 2 | . . . 2 . . . Melee Attacks 4 | . . . 2 2 . . Impact 4 | . . . 2 2 . . Slashing . | . . . . . . . Piercing . | . . . . . . . Sneak Attacks . | . . . . . . . Combat Hostiles . | . . . . . . . Follow-up Attacks . | . . . . . . . Damage Inflicted 6283 | . 126 120 3376 435 1706 520 Guns 3975 | . 115 104 2156 115 1279 206 Cannons . | . . . . . . . Explosions 2230 | . . . 1194 295 427 314 Melee . | . . . . . . . Ramming 78 | . 11 16 26 25 . . Kinetic 3975 | . 115 104 2156 115 1279 206 Thermal . | . . . . . . . Explosive 2230 | . . . 1194 295 427 314 Electromagnetic . | . . . . . . . Impact . | . . . . . . . Slashing . | . . . . . . . Piercing . | . . . . . . . Highest Corruption 19 | . 2 19 . . . . Average Corruption 3 | . 2 4 . . . . Corruption Purged . | . . . . . . . Corruption Blocked . | . . . . . . . Effects 7 | . . 7 . . . . Matter Fused 2 | . . 2 . . . . Energy Discharges 1 | . . 1 . . . . Data Loss (minor) 2 | . . 2 . . . . Misfires 1 | . . 1 . . . . Alerts 1 | . . 1 . . . . Overload Shots . | . . . . . . . Overflow Damage 42 | . . . 32 . 6 4 Projectiles . | . . . . . . . Explosions 42 | . . . 32 . 6 4 Melee . | . . . . . . . Knockbacks 1 | . 1 . . . . . Impact 1 | . 1 . . . . . Kinetic . | . . . . . . . Secondary . | . . . . . . . Self-Inflicted Damage 222 | . . . 133 30 . 59 Shots 6 | . . . 3 1 . 2 Rammed 6 | . . . 2 4 . . Targets Rammed 10 | . 1 2 3 4 . . Kicked 3 | . 1 2 . . . . Crushed 1 | . . . 1 . . . Highest Temperature 222 | . 12 1 47 . 222 52 Average Temperature 38 | . 7 1 10 . 88 23 Received Heat Transfer 615 | . 54 . 444 . . 117 Effects 1 | . . . . . 1 . Energy Bleed 1 | . . . . . 1 . Siege Activations . | . . . . . . . Robots Corrupted . | . . . . . . . Combat Hostiles . | . . . . . . . Parts Fried . | . . . . . . . Impact Corruptions . | . . . . . . . Robots Melted . | . . . . . . . Combat Hostiles . | . . . . . . . Parts Melted . | . . . . . . . Heat Transferred . | . . . . . . . Parts Sabotaged . | . . . . . . . Parts Stolen . | . . . . . . . Parts Stripped . | . . . . . . . Power Chain Reactions . | . . . . . . . Alert | -11 -10 -10 -9 -9 -9 -8 ------- Run | Yrd Mat Min Mat Min Exi Min Peak Influence 476 | . 80 171 476 341 . 174 Initial 185 | . . 31 . 185 . . Average 188 | . 53 95 253 166 . 116 Maximum Alert Level 2 | . . . 2 1 . . Low Security (%) 54 | 100 100 100 25 64 . 100 Level 1 39 | . . . 62 35 . . Level 2 5 | . . . 12 . . . Level 3 . | . . . . . . . Level 4 . | . . . . . . . Level 5 . | . . . . . . . High Security . | . . . . . . . Max Security . | . . . . . . . Squads Dispatched 7 | . 2 . 5 . . . Investigation 4 | . 1 . 3 . . . Extermination . | . . . . . . . Reinforcement 3 | . 1 . 2 . . . Assault . | . . . . . . . Garrison . | . . . . . . . Intercept . | . . . . . . . Searches Triggered . | . . . . . . . Construction Impeded . | . . . . . . . Haulers Reinforced . | . . . . . . . Active Scanning Responses . | . . . . . . . Cargo Convoy Interrupts . | . . . . . . . Stealth | -11 -10 -10 -9 -9 -9 -8 --------- Run | Yrd Mat Min Mat Min Exi Min Distress Signals 2 | . . . 2 . . . Communications Jammed . | . . . . . . . Distress Signals . | . . . . . . . Times Spotted 135 | . 4 6 44 15 56 10 Peak Tracking Total 10 | . 2 3 6 6 10 3 Tactical Retreats 21 | . . 1 1 . 19 . Traps | -11 -10 -10 -9 -9 -9 -8 ------- Run | Yrd Mat Min Mat Min Exi Min Traps Triggered 4 | . 1 2 1 . . . Indirectly . | . . . . . . . Trap Hack Attempts . | . . . . . . . Triggered . | . . . . . . . Disarmed . | . . . . . . . Reprogrammed . | . . . . . . . Reused . | . . . . . . . Traps Extracted . | . . . . . . . Installed . | . . . . . . . Triggered . | . . . . . . . Machines | -11 -10 -10 -9 -9 -9 -8 ---------- Run | Yrd Mat Min Mat Min Exi Min Machines Disabled 8 | . . . 2 . 6 . Max in Single Turn 1 | . . . 1 . 1 . Machines Repaired . | . . . . . . . Machines Dismantled . | . . . . . . . Machines Sabotaged . | . . . . . . . Overloaded Fab Kills . | . . . . . . . Hacking | -11 -10 -10 -9 -9 -9 -8 --------- Run | Yrd Mat Min Mat Min Exi Min Machines Accessed 12 | . 1 1 9 . 1 . Terminals 6 | . . . 6 . . . Fabricators . | . . . . . . . Repair Stations . | . . . . . . . Recycling Units 3 | . 1 . 2 . . . Scanalyzers 1 | . . . 1 . . . Garrison Access . | . . . . . . . Total Hacks 26 | . 1 1 23 . 1 . Successful 14 | . 1 1 11 . 1 . Failed 12 | . . . 12 . . . Catastrophic 1 | . . . 1 . . . Database Lockouts . | . . . . . . . Manual 18 | . 1 . 16 . 1 . Terminals 18 | . . . 18 . . . Fabricators . | . . . . . . . Repair Stations . | . . . . . . . Recycling Units 3 | . 1 . 2 . . . Scanalyzers 3 | . . . 3 . . . Garrison Access . | . . . . . . . Terminal Hacks 9 | . . 1 7 . 1 . Robot Schematic 1 | . . . 1 . . . Robot Analysis 4 | . . . 4 . . . Open Door 1 | . . 1 . . . . Unreport Threat 1 | . . . 1 . . . Maintenance Status 1 | . . . 1 . . . Derelict Proto ID Bank 1 | . . . . . 1 . Fabricator Hacks . | . . . . . . . Repair Station Hacks . | . . . . . . . Recycling Unit Hacks . | . . . . . . . Scanalyzer 2 | . . . 2 . . . Insert Component 1 | . . . 1 . . . Analyze 1 | . . . 1 . . . Garrison Access Hacks . | . . . . . . . Unauthorized Hacks 3 | . 1 . 2 . . . Terminals . | . . . . . . . Fabricators . | . . . . . . . Repair Stations . | . . . . . . . Recycling Units 3 | . 1 . 2 . . . Tunnel 3 | . 1 . 2 . . . Scanalyzers . | . . . . . . . Garrison Access . | . . . . . . . Data Cores Recovered . | . . . . . . . Used . | . . . . . . . Hacking Detections 8 | . . . 8 . . . Full Trace Events . | . . . . . . . Feedback Events . | . . . . . . . Feedback Blocked . | . . . . . . . Robot Schematics Acquired 1 | . . . 1 . . . Robots Built . | . . . . . . . Authchips . | . . . . . . . Time . | . . . . . . . Total Robot Build Rating . | . . . . . . . Part Schematics Acquired 1 | . . . 1 . . . Parts Built . | . . . . . . . Authchips . | . . . . . . . Time . | . . . . . . . Total Part Build Rating . | . . . . . . . Parts Repaired . | . . . . . . . Time . | . . . . . . . Parts Recycled . | . . . . . . . Recycled Matter . | . . . . . . . Retrieved Matter . | . . . . . . . Retrieved Components . | . . . . . . . Parts Scanalyzed 1 | . . . 1 . . . Part Schematics Acquired 1 | . . . 1 . . . Parts Damaged . | . . . . . . . Bothacking | -11 -10 -10 -9 -9 -9 -8 ------------ Run | Yrd Mat Min Mat Min Exi Min Used RIF Installer . | . . . . . . . Robots Hacked . | . . . . . . . Non-combat . | . . . . . . . Combat . | . . . . . . . Robot Hacks Applied . | . . . . . . . Relay Couplers Released . | . . . . . . . Fabnet Peak Effective % . | . . . . . . . Robots Rewired . | . . . . . . . Allies Hacked . | . . . . . . . Hacks Repelled . | . . . . . . . Allies | -11 -10 -10 -9 -9 -9 -8 -------- Run | Yrd Mat Min Mat Min Exi Min Total Allies 3 | . . . . 3 . . Largest Group 3 | . . . . 3 3 1 Highest-Rated Group 40 | . . . . 40 40 16 Highest-Rated Ally 16 | . . . . 16 16 16 Total Orders 11 | . . . . . 10 1 STAY 9 | . . . . . 9 . ROAM 1 | . . . . . . 1 FOLLOW 1 | . . . . . 1 . Ally Attacks 78 | . . . . 7 66 5 Total Damage 522 | . . . . 51 444 27 Kills 2 | . . . . . . 2 Allies Corrupted . | . . . . . . . Allies Melted . | . . . . . . . Intel | -11 -10 -10 -9 -9 -9 -8 ------- Run | Yrd Mat Min Mat Min Exi Min Robot Analysis Total 4 | . . . 4 . . . Derelict Logs Recovered 5 | . . 2 . 3 . . Drone Launches . | . . . . . . . Drone Recoveries . | . . . . . . . Exploration | -11 -10 -10 -9 -9 -9 -8 ------------- Run | Yrd Mat Min Mat Min Exi Min Turns Passed 5875 | 12 258 463 1921 1134 1806 281 Spaces Moved 3051 | 9 181 265 919 679 852 146 Core . | . . . . . . . Treads 2672 | . . 187 919 679 852 35 Legs 268 | 9 181 78 . . . . Wheels 111 | . . . . . . 111 Hover . | . . . . . . . Flight . | . . . . . . . Fastest Speed 120 | 120 120 120 160 160 160 145 Average Speed 162 | 120 120 148 161 160 181 158 Slowest Speed 240 | 120 120 160 240 160 240 160 Overloaded Moves . | . . . . . . . Propulsion Burnouts . | . . . . . . . Robots Hopped . | . . . . . . . Cave-ins Triggered . | . . . . . . . Time Travels 1 | . . . . . 1 . Exploration Rate (%) 55 | 2 26 61 82 99 88 32 Regions Visited 6 Branch Regions 4 Pre-discovered Areas 5 | . 1 1 2 1 . . Known Exits Taken . | . . . . . . . Unknown Exits Taken 6 | 1 1 1 1 1 1 . Scrap Searched 1 | . . . . 1 . . Spaces Dug 57 | . . . 26 11 . 20 Terrain Destroyed 169 | . . . 89 29 20 31 Melee 4 | . . . 2 2 . . Projectile . | . . . . . . . AOE 165 | . . . 87 27 20 31 Terrain Rammed . | . . . . . . . Walls Destroyed . | . . . . . . . Machines Disabled . | . . . . . . . Actions | -11 -10 -10 -9 -9 -9 -8 --------- Run | Yrd Mat Min Mat Min Exi Min Total 3578 | 9 205 318 1181 705 989 171 Wait 66 | . 7 8 38 3 9 1 Move 3045 | 8 180 264 918 678 851 146 Hop . | . . . . . . . Pick Up 64 | . 2 7 32 2 21 . Fast Attach 19 | . 2 2 7 1 5 2 Attach 19 | . . 3 5 1 8 2 Detach 4 | . 1 1 . . 2 . Swap 48 | 1 1 7 27 4 4 4 Drop 66 | . 1 11 36 1 17 . Fire 233 | . 10 13 113 9 72 16 Melee 4 | . . . 2 2 . . Ram . | . . . . . . . Kick 3 | . 1 2 . . . . Crush 7 | . . . 3 4 . . Escape Stasis . | . . . . . . . Rewire . | . . . . . . . Trap . | . . . . . . . Miscellaneous . | . . . . . . . Route ------- -11/Scrapyard -10/Materials (discovered 2 exits: *Min x2) -10/Mines (discovered 2 exits: *Mat x2) -9/Materials (discovered 3 exits: [*Mat] / [*Min] / [*Sto]) -9/Mines (discovered 4 exits: [*Mat x2] / *Exi / [*Zio]) -9/Exiles -8/Mines History --------- Turn | Location | Event 1 | -11/Scrapyard | Discovered new exit (range 1) 13 | -11/Scrapyard | Entered Materials 70 | -10/Materials | Discovered new exit (range 16) 209 | -10/Materials | Discovered new exit (range 8) 271 | -10/Materials | Entered Mines 304 | -10/Mines | Discovered new exit (range 12) 307 | -10/Mines | Build established: Mutant 347 | -10/Mines | Learned location of Zion (-7) 546 | -10/Mines | Met a Derelict who couldn't figure out how to use a Trap Extractor 678 | -10/Mines | Learned Materials security intel 714 | -10/Mines | Discovered new exit (range 9) 732 | -10/Mines | System corruption reached 10% 734 | -10/Mines | Entered Materials 734 | -9/Materials | Evolved 2 slots: Propulsion x1, Utility x1 1103 | -9/Materials | Discovered new exit (range 15) 1296 | -9/Materials | Discovered new exit (range 3) 1911 | -9/Materials | Build established: Scavenger-Mutant 2583 | -9/Materials | Discovered new exit (range 6) 2655 | -9/Materials | Entered Mines 2656 | -9/Mines | Assembled infested the area 2709 | -9/Mines | Core integrity fell below 50% 2710 | -9/Mines | Met 8R-AWN 2856 | -9/Mines | Discovered new exit (range 5) 2878 | -9/Mines | A Derelict revealed a hidden shortcut to a safe place 2908 | -9/Mines | Learned location of 1 exit from Materials 2910 | -9/Mines | Received a Rocket Launcher from a helpful Derelict 3000 | -9/Mines | Discovered new exit (range 7) 3255 | -9/Mines | Discovered new exit (range 8) 3477 | -9/Mines | Assisted by bots powering up and referring to "LRC-V3" 3516 | -9/Mines | Learned 2 Materials zone layouts 3789 | -9/Mines | Entered Exiles 3789 | -9/Exiles | Accompanied by 3 allies 3828 | -9/Exiles | Welcomed by 8R-AWN 3857 | -9/Exiles | Met EX-HEX 3919 | -9/Exiles | Met EX-DEC 4084 | -9/Exiles | Discovered new exit (range 12) 4234 | -9/Exiles | Learned about 8R-AWN's background 4371 | -9/Exiles | Met EX-BIN 4438 | -9/Exiles | Aligned with FarCom system 4440 | -9/Exiles | Given EX-Vault access code 4477 | -9/Exiles | Opened EX-Vault 4488 | -9/Exiles | Found Chronowheel 4519 | -9/Exiles | Warned to stay clear of 0b10 Research branches 4608 | -9/Exiles | Attacked by the Exiles 4727 | -9/Exiles | Core integrity fell below 20% 4777 | -9/Exiles | Destroyed 8R-AWN 4788 | -9/Exiles | Lost 7 parts (1p3n1u2w) 5007 | -9/Exiles | Destroyed EX-DEC 5016 | -9/Exiles | Destroyed EX-BIN 5075 | -9/Exiles | Destroyed EX-HEX 5084 | -9/Exiles | Found Prototype Device 5084 | -9/Exiles | Identified System Purifier 5533 | -9/Exiles | Activated Chronowheel 5533 | -9/Exiles | Spacetime reconverged on an earlier point 5595 | -9/Exiles | Entered Mines 5595 | -8/Mines | Accompanied by 1 ally 5700 | -8/Mines | Lost 3 parts (3n) 5876 | -8/Mines | Destroyed by G-47 Trooper with Particle Gun Last Messages --------------- 05668_ The unstable cave ceiling collapses. 05669_ Lgt. Treads destroyed. 05671_ Critical hit (Burn: +37). 05675_ G-47 Trooper destroyed. 05678_ The unstable cave ceiling collapses. 05682_ Acquired 36 matter. 05700_ S-10 Pest destroyed. 05701_ Hvy. Assault Rifle destroyed. 05703_ S-10 Pest destroyed. 05713_ Acquired 16 matter. 05716_ Acquired Flight Unit. 05719_ Acquired Lgt. Assault Rifle. 05720_ Acquired 11 matter. 05759_ T-07 Excavator is excavating. 05812_ Acquired 27 matter. 05836_ Acquired 33 matter. 05857_ The unstable cave ceiling collapses. 05865_ Acquired 58 matter. 05872_ Acquired 16 matter. 05874_ K-01 Serf destroyed. Map ----- +----------------------------------------------------+ | ?????????????????????????????????????????????????? | | ?????????????????????????????????????????????????? | | ?????????????????????????????????????????????????? | | ?????????????????????????????????????????????????? | | ?????????????????????????????????????????????????? | | ?????????????????????????????????????????????????? | | ?????????????????????????????????????????????????? | | ?????????????????????????????????????????????????? | | ?????????????????????????????????????????????????? | | ?????????????????????????????????????????????????? | | ?????????????????????????? ?????????????????????? | | ?????????????????????????? #????????????????????? | | ?????????????????????????? #???#????????????????? | | ?????????????????????????? #?? ###??????????????? | | ?????????????????????????? ### ##????????????? | | ????????????????????????## #????????????? | | ???????????????????????? #???????????? | | ????????????????????????#%% #???????????? | | ????????????????????????# #???????????? | | ???????????????????????## ##??????????? | | ?????????????# ???????## r ??????????? | | ??????????????? ######r *g g ????????????? | | ????????????????? =%g ??????????????? | | ???????????????????? = ?????????????????? | | ??????????????????????# #???????????????????? | | ??????????????????????# @* #????????????????????? | | ??????????????????????# #????????????????????? | | ??????????????????????# #????????????????????? | | ??????????????????????# #??????????########??? | | ??????????????????????# #??????????# = *#??? | | ??????????????????????# ##??????????#=###[ #??? | | ??????????????????????# ##??????????#=#?#==#??? | | ??????????????????????# #######????# #?# ###? | | ??????????????????????## ##???# ### ## | | ???????????????????????## #???# ## # | | ???????????????????????## ##### ## # | | ??????????????????????## # ## ### # | | ???????????????????#### # # #?#### # | | ??????????????????## #???## # | | ??????????????????# ! #?### # | | ??????????????????# ## #### | | ??????????????????## ## ### | | ???????????????????# ## ### ### | | ???????????????????# ## ### ###?# ### ## | | ???????????????????# ## #?#####???###### #### | | ???????????????????# #??????????## ##?## | | ??????????????###### ####??????????# ##?### | | ?????????????## ## #?????????????# # #? | | ?????????????# #?????????????## ? | | ????????????## #??????????????# ## | +----------------------------------------------------+ Best States ------------- Heat Dissipation 28 Energy Generation 19 Energy Capacity 310 Matter Stores 300 Matter Capacity 300 Sight Range 16 Terrain Scan Density 10 Armor Coverage 225 Weapon Shielding 33 Evasion (%) 55 Targeting Accuracy 8 Recoil Reduction 3 Item Schematics ----------------- Imp. Trap Extractor | -9/Materials | Scanalyzed Robot Schematics ------------------ M-13 Machinist | -9/Materials | Hacked Fabricated ------------ Nothing Alien Tech Used ----------------- None Achievements -------------- None Challenges ------------ None Game ------ Seed SeismicPhaseStorm Manual? 0 Play Time 00:38:01 Cumulative 265.0 hours Start 2024.02.26 @ 19:44:39 End 2024.02.26 @ 20:22:34 Sessions 1 Manual Loads 0 Difficulty Rogue Special Mode None Game No. 345 Rogue 345 Adventurer 0 Explorer 0 Win Type - Total 7 Types 6/0/0/1/0/0/0/0/0 Lore% 83 Gallery% 88 Achievement% 70 Wizard Run 0 Options --------- Layout 1 ASCII 0 Keyboard 1 Movement Numpad Keybinds 0 Fullscreen 2 Font 24/Smallcaps Map View 50x35 Zoom Use 0% Tactical HUD 1 Map Filters NONE Filters NONE Steam 1 RUN: 39734656-f863-440d-bcd5-78dc1a50ee6b